 Dungeon Crawl Stone Soup version 0.19.5 (webtiles) character file.

77 Santreim the Ruffian (level 4, -4/44 HPs)
             Began as a Troll Monk on Mar 10, 2017.
             Killed from afar by North's ghost (7 damage)
             ... with a spray of energy
             ... on level 3 of the Dungeon.
             The game lasted 00:04:01 (1366 turns).

Santreim the Ruffian (Troll Monk)                   Turns: 1366, Time: 00:04:03

Health: -4/44      AC:  5    Str: 19    XL:     4   Next: 13%
Magic:  3/3        EV: 11    Int:  6    God:
Gold:   55         SH:  0    Dex: 13    Spells: 0 memorised, 3 levels left

rFire  . . .     SeeInvis .       - Unarmed
rCold  . . .     Gourm    +     a - +0 robe
rNeg   . . .     Faith    .     (no shield)
rPois  .         Spirit   .     (helmet restricted)
rElec  .         Reflect  .     (no cloak)
rCorr  .         Harm     .     (gloves unavailable)
MR     .....                    (boots unavailable)
Stlth  +.........               (no amulet)
                                (no ring)
                                (no ring)

@: confused, lethally poisoned (-4 -> -22)
A: unfitting armour, claws 3, fast metabolism 3, gourmand, regeneration 1,
shaggy fur 1, tough skin 2
a: no special abilities


You were on level 3 of the Dungeon.
You were not hungry.

You visited 1 branch of the dungeon, and saw 3 of its levels.

You collected 55 gold pieces.

Inventory:

Missiles
 h - 8 needles of confusion (quivered)
Armour
 a - a +0 robe (worn)
Scrolls
 d - 4 scrolls of remove curse {unknown}
 i - 5 scrolls of identify {unknown}
 j - 5 scrolls of recharging {unknown}
 l - a scroll of random uselessness {unknown}
Potions
 c - a potion of brilliance {unknown}
 e - a potion of heal wounds {unknown}
 f - a potion of flight {unknown}
 g - 2 potions of curing {unknown}
 n - a potion of lignification {unknown}
Comestibles
 b - 5 bread rations
 k - a beef jerky
 m - a slice of pizza


   Skills:
 + Level 2.8 Fighting
 + Level 2.8 Dodging
 + Level 1.2 Stealth
 + Level 4.0 Unarmed Combat


You had 3 spell levels left.
You didn't know any spells.

Dungeon Overview and Level Annotations

Branches:
Dungeon (3/15)

Altars:
Ashenzari

Annotations:
D:3 Grinder; Ijyb; North's ghost, amateur DECj


Innate Abilities, Weirdness & Mutations

You are too large for most types of armour.
You have claws for hands.
Your metabolism is lightning-fast.
You like to eat raw meat.
Your natural rate of healing is unusually fast.
You are covered in fur. (AC +1)
You have very tough skin. (AC +2)


Message History

You kill the bat!
* * * LOW HITPOINT WARNING * * *
You feel sick. The bat closely misses you. The bat hits you.
* * * LOW HITPOINT WARNING * * *
The orc hits you but does no damage. Ijyb closely misses you.
You scratch the orc.
You kill the orc!
* * * LOW HITPOINT WARNING * * *
You feel sick. The bat hits you but does no damage.
Ijyb hits you with a dagger of venom.
* * * LOW HITPOINT WARNING * * *
You are more poisoned.
You scratch North's ghost.
North's ghost is lightly damaged.
* * * LOW HITPOINT WARNING * * *
You feel very sick. The bat barely misses you.
North's ghost gestures at you while chanting.
The spray of energy hits you!
You die...

#.........
#........ ...#
####....... ...#
.......... ....#
.........###....#
....g...........#
........)..5[...#
.$......gWb.....#
..###..<=@..#...
#.####### . #. ##


You could see Grinder, Ijyb, North's ghost, a hobgoblin and a bat.

Vanquished Creatures
  2 adders (D:2)
  A worm (D:2)
  2 dart slugs (D:1)
  2 leopard geckos (D:1)
  3 orcs (D:3)
  2 ball pythons (D:2)
  6 giant cockroaches
  7 goblins
  3 hobgoblins
  6 bats
  3 frilled lizards
  3 kobolds (D:1)
  7 rats
  2 fungi (D:1)
49 creatures vanquished.

Notes
Turn   | Place    | Note
-------+----------+-------------------------------------------
     0 | D:1      | Santreim the Troll Monk began the quest for the Orb.
     0 | D:1      | Reached XP level 1. HP: 22/22 MP: 0/0
    79 | D:1      | Reached XP level 2. HP: 29/29 MP: 1/1
   470 | D:1      | Found a shattered altar of Ashenzari.
   502 | D:1      | Reached XP level 3. HP: 36/36 MP: 2/2
  1051 | D:2      | Reached XP level 4. HP: 33/44 MP: 3/3
  1343 | D:3      | Noticed Ijyb
  1348 | D:3      | Noticed North's ghost (amateur DECj)
  1356 | D:3      | Reached skill level 4 in Unarmed Combat
  1361 | D:3      | Noticed Grinder
  1366 | D:3      | Killed from afar by North's ghost

Skill      XL: |  1  2  3  4 |
---------------+-------------+-----
Unarmed Combat | 4 |  4.0
Fighting       | |  2.8
Dodging        | |  2.8
Stealth        | |  1.2

Action                   |  1- 3 |  4- 6 || total
-------------------------+-------+-------++-------
Melee: Unarmed           |   107 |    17 ||   124
       Punch             |     3 |       ||     3
 Stab: Sleeping          |     1 |       ||     1
  Eat: Chunk             |     7 |     3 ||    10
Armor: Robe              |    33 |    18 ||    51
Dodge: Dodged            |    56 |    38 ||    94
